 Dungeon Crawl Stone Soup version 0.29-a0-1042-g87b1fcd763 (webtiles) character file.

Game seed: 18326831382621402194

48 polve the Cutter (level 3, -1/29 HPs)
             Began as a Demonspawn Abyssal Knight on Aug 15, 2022.
             Was a Believer of Lugonu.
             Slain by a gnoll
             ... wielding a +0 whip
              (4 damage)
             ... on level 2 of the Dungeon.
             The game lasted 00:02:14 (1700 turns).

polve the Cutter (Demonspawn Abyssal Knight)        Turns: 1700, Time: 00:02:15

Health: -1/29      AC:  5    Str: 15    XL:     3   Next: 50%
Magic:  4/4        EV: 10    Int: 11    God:    Lugonu [**....]
Gold:   89         SH:  0    Dex: 13    Spells: 2/2 levels left

rFire   . . .      SeeInvis .   a - +1 short sword
rCold   . . .      Faith    +   (no shield)
rNeg    . . .      Spirit   .   h - +0 ring mail
rPois   .          Reflect  .   (no helmet)
rElec   .          Harm     +   c - scarf {harm}
rCorr   .          Rampage  .   (no gloves)
Will    .....                   (no boots)
Stlth   +.........              f - amulet of faith
HPRegen 0.09/turn               (no ring)
MPRegen 0.09/turn               (no ring)

@: no status effects
A: claws 2
a: Renounce Religion, Depart the Abyss, Bend Space


You were on level 2 of the Dungeon.
You worshipped Lugonu.
Lugonu was pleased with you.
You visited 1 branch of the dungeon, and saw 2 of its levels.
You visited the Abyss 1 time.

You collected 89 gold pieces.

Inventory:

Hand Weapons
 a - a +1 short sword (weapon)
Armour
 b - a +0 leather armour
 c - a scarf of harm (worn)
 h - a +0 ring mail (worn)
Jewellery
 f - an amulet of faith (around neck)
Scrolls
 d - a scroll of identify {unknown}
 i - a scroll of immolation {unknown}
Potions
 e - a potion of curing
 g - 2 potions of degeneration {unknown}
 j - a potion of mutation {unknown}


   Skills:
 - Level 3.0 Fighting
 + Level 3.6 Short Blades
 - Level 1.7 Armour
 - Level 0.8 Dodging
 - Level 2.4 Invocations


You had 2 spell levels left.
You didn't know any spells.
Your spell library contained the following spells:

 Spells                   Type           Power      Damage    Failure   Level
 Apportation              Tloc           0%         N/A       56%         1
 Necrotise                Necr           0%         1d4       56%         1
 Summon Small Mammal      Summ           0%         N/A       56%         1


Dungeon Overview and Level Annotations

Branches:
Dungeon (2/15)

Altars:
Okawaru


Innate Abilities, Weirdness & Mutations

You have very sharp fingernails.


Message History

You are too injured to fight recklessly!
You are too injured to fight recklessly!
You are too injured to fight recklessly!
You are too injured to fight recklessly!
You are too injured to fight recklessly!
You are too injured to fight recklessly!
You are too injured to fight recklessly!
You are too injured to fight recklessly!
You are too injured to fight recklessly!
You are too injured to fight recklessly!
You are too injured to fight recklessly!
You are too injured to fight recklessly!
You are too injured to fight recklessly!
You are too injured to fight recklessly!
The gnoll attacks as you move away! The gnoll barely misses you.
The gnoll attacks as you move away! The gnoll barely misses you.
You see here a ball python corpse.
You closely miss the gnoll. Your claw misses the gnoll.
The gnoll is lightly wounded.
The gnoll closely misses you.
You hit the gnoll.
The gnoll is heavily wounded.
The gnoll hits you with a +0 whip.
You hit the gnoll.
The gnoll is severely wounded.
The gnoll hits you with a +0 whip.
You hit the gnoll.
The gnoll is almost dead.
The gnoll hits you with a +0 whip.
You hit the gnoll.
You kill the gnoll!
Lugonu accepts your kill. The gnoll attacks as you move away!
The gnoll hits you with a +0 whip.
* * * LOW HITPOINT WARNING * * *
The gnoll attacks as you move away! The gnoll hits you with a +0 whip.
* * * LOW HITPOINT WARNING * * *
It was a potion of curing.
You feel better. The gnoll hits you with a +0 whip.
* * * LOW HITPOINT WARNING * * *
The gnoll attacks as you move away! The gnoll hits you with a +0 whip.
You die...

....#...##.# #.# ....#...##.#
#)# ....#...##.# #.#
....#...##.# #.# ....#...##.#
#.######## #..##...##.#
##........# #.>##...##.###
#g.######.#
##.##.......~###g.#....#.#
##.##.###..~~..#@.####.#.####
......###.P♣♣P.#.......#..).#
######....~~~~.#.#####.####.#
#.#.###..♣#†).......####.#
#...# #...<#.########....#
#.### #.###..# #.####
#.#####.###.#########.#####
#.........................#
#######.##.##########.###.#


You could see 2 gnolls.

Vanquished Creatures
  A gnoll (D:2)
  2 dart slugs (D:1)
  3 ball pythons
  2 endoplasms (D:1)
  A giant cockroach (D:1)
  3 goblins
  6 hobgoblins
  3 jackals (D:1)
  A quokka (D:1)
  3 bats (D:1)
  A frilled lizard (D:2)
  2 kobolds (D:1)
  2 rats (D:1)
30 creatures vanquished.

Vanquished Creatures (others)
  3 plants (D:2)
3 creatures vanquished.

Grand Total: 33 creatures vanquished

Notes
Turn   | Place    | Note
-------+----------+-------------------------------------------
     0 | Abyss:1  | polve the Demonspawn Abyssal Knight began the quest for the
                  | Orb.
     0 | Abyss:1  | Reached XP level 1. HP: 18/18 MP: 2/2
     1 | Abyss:1  | Found a corrupted altar of Lugonu.
    26 | Abyss:2  | Noticed a blizzard demon
    26 | D:1      | Escaped the Abyss
   100 | D:1      | Reached ** piety under Lugonu
   494 | D:1      | Gained mutation: You have sharp fingernails. [demonic
                  | ancestry]
   494 | D:1      | Reached XP level 2. HP: 19/24 MP: 3/3
  1261 | D:1      | Gained mutation: You have very sharp fingernails. [demonic
                  | ancestry]
  1261 | D:1      | Reached XP level 3. HP: 27/29 MP: 4/4
  1421 | D:1      | Found an iron altar of Okawaru.
  1697 | D:2      | HP: 1/29 [gnoll/+0 whip (4)]
  1700 | D:2      | Slain by a gnoll

Illustrated notes

Levels and vault maps discovered:
D:1:      dpeg_arrival_lava_altar, layout_basic, roderic_serpentine_path
D:2:      layout_basic, serial_bayou, serial_bayou_shore_a, serial_bayou_pond_d,
          serial_bayou_shore_b, serial_bayou_shore_b, serial_bayou_lake_a,
          uniq_natasha, uniq_crazy_yiuf_cottage, uniq_terence

Skill      XL: |  1  2 |
---------------+-------+-----
Short Blades   | 2 3 |  3.6
Fighting       | |  3.0
Armour         | |  1.7
Dodging        | |  0.8
Invocations    | |  2.4

Action                   || total
-------------------------++-------
Melee: Short sword       ||   107
       Punch             ||     1
Invok: Depart the Abyss  ||     1
  Use: Potion            ||     1
Armor: Leather armour    ||     9
       Ring mail         ||    16
Dodge: Dodged            ||    64

Table legend: (Time is in decaauts)
 A = Elapsed time spent in this place.
 B = Non-inter-level travel time spent in this place.
 C = Inter-level travel time spent in this place.
 D = Time resting spent in this place.
 E = Time spent auto-exploring this place.
 F = Levels seen in this place.
 G = Mean time per level.
                   A        B        C        D        E       F      G
               +--------+--------+--------+--------+--------+-----+--------+
         Total |   1696 |   1679 |     17 |      0 |   1433 |   4 |  424.0 |
       Dungeon |   1670 |   1653 |     17 |      0 |   1415 |   2 |  835.0 |
         Abyss |     25 |     25 |      0 |      0 |     18 |   2 |   12.5 |
               +--------+--------+--------+--------+--------+-----+--------+

Top non-repeatable levels by time:
     D:1: 1414 daAuts
     D:2: 256 daAuts
 Abyss:1: 14 daAuts
 Abyss:2: 11 daAuts
